 Dungeon Crawl Stone Soup version 0.30-a0-159-g068b764562 (webtiles) character file.

Game seed: 9036914384611947786

160 qw the Chopper (level 5, 0/32 HPs)
             Began as a Gargoyle Fighter on Sept 27, 2022.
             Killed by divine providence
             ... invoked by an orc priest
              (10 damage)
             ... on level 4 of the Dungeon.
             The game lasted 00:00:37 (1960 turns).

qw the Chopper (Gargoyle Fighter)                   Turns: 1960, Time: 00:00:38

Health: 0/32       AC: 13    Str: 21    XL:     5   Next: 41%
Magic:  5/5        EV:  7    Int:  9    God:
Gold:   97         SH:  4    Dex:  9    Spells: 4/4 levels left

rFire   . . .      SeeInvis .    Y - +0 war axe
rCold   . . .      Faith    .    c - +0 buckler
rNeg    + + .      Spirit   .    m - +0 chain mail
rPois   inf        Reflect  .    (no helmet)
rElec   +          Harm     .    (no cloak)
rCorr   .          Rampage  .    (no gloves)
Will    .....                    (no boots)
Stlth   ..........               (no amulet)
HPRegen 0.10/turn                i - ring of positive energy
MPRegen 0.09/turn                (no ring)

@: no status effects
A: sickness immunity, AC +4, negative energy resistance 1, electricity
resistance, torment resistance 1, petrification resistance
a: no special abilities


You were on level 4 of the Dungeon.
You visited 1 branch of the dungeon, and saw 5 of its levels.

You collected 97 gold pieces.


Innate Abilities, Weirdness & Mutations

You are immune to sickness and miasma.
Your stone body is resilient. (AC +4)
You are immune to poison.
You resist negative energy. (rN+)
You are resistant to electric shocks. (rElec)
You are resistant to unholy torment.
You are immune to petrification.


   Skills:
 + Level 3.2 Fighting
 - Level 5.0 Axes
 - Level 3.2 Armour
 - Level 3.2 Shields


You had 4 spell levels left.
You didn't know any spells.
Your spell library was empty.

Inventory:

Hand Weapons
 j - a +0 mace
 Y - a +0 war axe (weapon)
Armour
 c - a +0 buckler (worn)
 m - a +0 chain mail (worn)
Jewellery
 i - a ring of positive energy (left hand)
Scrolls
 f - 2 scrolls of teleportation
 n - a scroll of identify
Potions
 a - a potion of berserk rage {unknown}
 d - a potion of might
 e - a potion of haste {unknown}
 g - a potion of degeneration {unknown}
 l - a potion of cancellation {unknown}

Dungeon Overview and Level Annotations

Branches:
Dungeon (5/15)
 Temple: D:4-7

Altars:

Shops:
D:3 ?


Message History

2 orcs and an orc priest come into view.
The orc priest is wielding a +1 flail of holy wrath.
The orc shouts! x2; The orc priest shouts!
The orc priest calls down the wrath of Beogh upon you.
Beogh smites you!
1949 ||| Stepping ~*~*~tactically~*~*~ (hiding).
You start resting.
An orc is nearby!
You closely miss the orc. The orc hits you but does no damage.
The orc closely misses you.
You closely miss the orc. The orc hits you with a +0 club.
You closely miss the orc. The orc hits you but does no damage.
You barely miss the orc. The orc hits you but does no damage.
An orc comes into view. It is wielding a +0 club.
1955 ||| Stepping ~*~*~tactically~*~*~ (stealth).
The orc attacks as you move away! The orc hits you but does no damage.
You slash the orc!
You kill the orc!
Your Axes skill increases to level 5!
The orc shouts!
The orc priest calls down the wrath of Beogh upon you.
You barely resist.
You see here a +0 hand axe.
You hit the orc priest.
The orc priest is lightly wounded.
The orc priest hits you but does no damage.
You closely miss the orc priest.
The orc priest is lightly wounded.
The orc priest mumbles some strange prayers to Beogh against you.
You barely resist.
The orc priest invokes the aid of Beogh against you.
Beogh smites you!
You slash the orc priest!
The orc priest is severely wounded.
The orc priest invokes the aid of Beogh against you.
Beogh smites you!
You die...

#..### #.##
#.# o ##.#
.. #..# ..o
###%## ....
###...#
....o
#...###
......#@###
.....oo.#
......###
......
#####


You could see an orc priest and an orc.

Vanquished Creatures
  A scorpion (D:4)
  A hound (D:5)
  3 adders
  A worm (D:2)
  A dart slug (D:1)
  An orc (D:4)
  An endoplasm (D:1)
  3 giant cockroaches
  A goblin (D:2)
  3 hobgoblins
  2 jackals (D:1)
  4 kobolds
  3 quokkas
  3 ball pythons
  4 bats
  3 frilled lizards
  3 rats
38 creatures vanquished.

Notes
Turn   | Place    | Note
-------+----------+-------------------------------------------
     0 | D:1      | qw the Gargoyle Fighter began the quest for the Orb.
     0 | D:1      | Reached XP level 1. HP: 14/14 MP: 1/1
     0 | D:1      | 0 ||| qw: Version: 0.2-a-10-g37ed214
     0 | D:1      | 0 ||| qw: Game counter: 574
     0 | D:1      | 0 ||| qw: Always use a shield: true
     0 | D:1      | 0 ||| qw: God list: Okawaru
     0 | D:1      | 0 ||| qw: Allow faded altars: false
     0 | D:1      | 0 ||| qw: Do Orc after D:15 true
     0 | D:1      | 0 ||| qw: Do second Lair branch before Depths: true
     0 | D:1      | 0 ||| qw: Lair rune preference: random
     0 | D:1      | 0 ||| qw: Plans: Normal, Zot:1-4, God:TSO, Crypt, Tomb,
                  | Pan, Slime:5, Hells, Abyss, Orb
     0 | D:1      | 0 ||| PLANNING D:1-11
    14 | D:1      | Reached skill level 2 in Axes
   252 | D:1      | 252 ||| Stepping ~*~*~tactically~*~*~ (stealth).
   254 | D:1      | 254 ||| Stepping ~*~*~tactically~*~*~ (stealth).
   257 | D:1      | 257 ||| Stepping ~*~*~tactically~*~*~ (stealth).
   262 | D:1      | Reached XP level 2. HP: 19/19 MP: 2/2
   431 | D:1      | Reached skill level 3 in Axes
   433 | D:1      | Found a faded altar of an unknown god.
   715 | D:1      | 715 ||| DROPPING ring of flight.
   716 | D:1      | 716 ||| READING scroll labelled CIMATH ZUWKUGU.
   717 | D:1      | 717 ||| READING 2 scrolls labelled LIOBUS KAQABU.
   722 | D:1      | 722 ||| READING scroll labelled GETEOPPUIJO.
   723 | D:1      | 723 ||| READING scroll labelled LICINNAFECS.
   793 | D:2      | Reached XP level 3. HP: 23/23 MP: 3/3
  1461 | D:2      | 1461 ||| UPGRADING to +0 chain mail.
  1471 | D:2      | 1471 ||| DROPPING +0 scale mail.
  1472 | D:2      | 1472 ||| UPGRADING to ring of positive energy.
  1473 | D:2      | 1473 ||| DROPPING ring of wizardry.
  1578 | D:3      | Found Copp's Magic Scroll Shop.
  1579 | D:3      | You fall into a shaft and drop 2 floors!
  1579 | D:5      | Entered Level 5 of the Dungeon
  1690 | D:5      | Reached skill level 4 in Axes
  1690 | D:5      | Reached XP level 4. HP: 11/28 MP: 4/4
  1878 | D:5      | 1878 ||| DRINKING 2 emerald potions.
  1879 | D:5      | 1879 ||| DROPPING potion of brilliance.
  1898 | D:4      | Noticed a scorpion
  1901 | D:4      | Killed a scorpion
  1902 | D:4      | Reached XP level 5. HP: 32/32 MP: 5/5
  1949 | D:4      | 1949 ||| Stepping ~*~*~tactically~*~*~ (hiding).
  1955 | D:4      | 1955 ||| Stepping ~*~*~tactically~*~*~ (stealth).
  1957 | D:4      | Reached skill level 5 in Axes
  1960 | D:4      | Killed from afar by an orc priest

Levels and vault maps discovered:
D:1:      tarquinn_simple_flora_water_e, layout_rooms,
          hellmonk_ecumenical_altar_leap_of_faith
D:2:      layout_basic
D:3:      layout_rooms, gammafunk_temple_overflow_wave, serial_shops,
          nicolae_shop_temple_entry_statues_fountains, serial_bayou_pond_c,
          ebering_dispersal_statue_hall
D:4:      layout_basic
D:5:      layout_loops_corners, mainiacjoe_overflow_concentric_impassable,
          serial_shops, shop, uniq_duvessa

Skill      XL: |  1  2  3  4  5 |
---------------+----------------+-----
Axes           | 2 3 4 5 |  5.0
Fighting       | |  3.2
Armour         | |  3.2
Shields        | |  3.2

Action                   |  1- 3 |  4- 6 || total
-------------------------+-------+-------++-------
Melee: War axe           |    92 |    21 ||   113
Throw: Boomerang         |    33 |     2 ||    35
  Use: Scroll            |     4 |       ||     4
       Potion            |       |     1 ||     1
Armor: Scale mail        |    50 |       ||    50
       Chain mail        |    11 |    13 ||    24
Dodge: Dodged            |    43 |     5 ||    48
Block: Buckler           |    16 |     3 ||    19

Table legend:
 A = Non-vault XP
 B = Vault XP
 C = Vault XP percentage of total XP
 D = Non-vault monster count
 E = Vault monster count
 F = Vault count percentage of total count
                 A         B        C        D         E       F
            +---------+---------+-------+---------+---------+-------
      Total |     229 |       0 |   0.0 |      38 |       0 |   0.0
            +---------+---------+-------+---------+---------+-------
        D:1 |      30 |       0 |   0.0 |      17 |       0 |   0.0
        D:2 |      50 |       0 |   0.0 |      15 |       0 |   0.0
        D:4 |      94 |       0 |   0.0 |       4 |       0 |   0.0
        D:5 |      55 |       0 |   0.0 |       2 |       0 |   0.0
            +---------+---------+-------+---------+---------+-------
